 Dungeon Crawl Stone Soup version 0.31.0-11-ge490571c62 (webtiles) character file.

Game seed: 10614593919293631103

1768315 t4s4d4r the Conqueror (level 27, 249/249 HPs)
             Began as a Formicid Fighter on Jan 28, 2024.
             Was an Initiate of Gozag.
             Escaped with the Orb
             ... and 3 runes!
             The game lasted 01:19:40 (61743 turns).

t4s4d4r the Conqueror (Formicid Fighter)           Turns: 61743, Time: 01:19:40

Health: 249/249    AC: 42    Str: 39    XL:     27
Magic:  23/23      EV: 27    Int:  5    God:    Gozag
Gold:   7086       SH: 30    Dex: 16    Spells: 26/26 levels left

rFire   + . .        a - +9 executioner's axe (freeze)
rCold   + + .        W - +2 tower shield {AC+3}
rNeg    . . .        Q - +9 plate armour {rPois}
rPois   +            (helmet unavailable)
rElec   .            J - +2 cloak "Ezaboh" {Fly Str+3}
rCorr   .            G - +2 pair of gloves {Str+3}
SInv    +            V - +2 pair of boots {Stlth+}
Will    ++...        Z - amulet of Grace {Reflect rC++ Int-5 Dex+3 Slay+5 SH+5}
Stlth   ++           L - ring of Riadd {rF+ Stlth+}
HPRegen 0.61/turn    M - ring of the Hare {EV+10}
MPRegen 0.18/turn

%: reflection
@: gold aura, flying, studying Conjurations
A: permanent stasis, dig shafts and tunnels, antennae 3, four strong arms
0: Orb of Zot
}: 3/15 runes: decaying, silver, gossamer
a: Dig, Shaft Self, Renounce Religion, Potion Petition, Call Merchant, Bribe
Branch


You escaped.
You worshipped Gozag.
Gozag was greatly pleased with you.
You visited 10 branches of the dungeon, and saw 48 of its levels.
You visited the Abyss 1 time.
You visited 1 bazaar.
You also visited: Gauntlet, Wizlab and Desolation.

You collected 33414 gold pieces.
You spent 7653 gold pieces at shops.
You paid 18675 gold pieces to Gozag.

Inventory:

Hand Weapons
 a - a +9 executioner's axe of freezing (weapon)
 b - a +2 battleaxe of flaming
Armour
 G - a +2 pair of gloves of strength (worn)
 J - the +2 cloak "Ezaboh" (worn) {Fly Str+3}
   (You acquired it in a Gauntlet)

   Str+3:     It affects your strength (+3).
   Fly:       It grants you flight.
 Q - a +9 plate armour of poison resistance (worn)
 V - a +2 pair of boots of stealth (worn)
 W - a +2 tower shield of protection (worn)
Jewellery
 c - the ring "Gyeruuk" {rF+ Int+2 Dex+2}
   (You found it on level 1 of the Spider Nest)

   [ring of protection from fire]

   Int+2:     It affects your intelligence (+2).
   Dex+2:     It affects your dexterity (+2).
   rF+:       It protects you from fire.
 g - the ring of Kycoclor {Fly rC++}
   (You bought it in a shop on level 2 of the Elven Halls)

   [ring of flight]

   rC++:      It greatly protects you from cold.
   Fly:       It grants you flight.
 L - the ring of Riadd (left hand) {rF+ Stlth+}
   (You found it on level 4 of the Depths)

   [ring of protection from fire]

   rF+:       It protects you from fire.
   Stlth+:    It makes you more stealthy.
 M - the ring of the Hare (right hand) {EV+10}
   (You found it on level 5 of the Lair of Beasts)

   [ring of evasion]

   EV+10:     It affects your evasion (+10).
 P - a ring of resist corrosion
 R - the ring "Cepnaz" {Fly Will+ Int+3 Stlth-}
   (You bought it in a shop on level 1 of the Lair of Beasts)

   [ring of willpower]

   Int+3:     It affects your intelligence (+3).
   Will+:     It increases your willpower.
   Fly:       It grants you flight.
   Stlth-:    It makes you less stealthy.
 S - the ring "Bixypras" {rC+ rN+ SInv}
   (You bought it in a shop on level 1 of the Lair of Beasts)

   [ring of protection from cold]

   rC+:       It protects you from cold.
   rN+:       It protects you from negative energy.
   SInv:      It lets you see invisible.
 T - a ring of the Octopus King {HP+2 AC+2 EV+2 SH+2 SInv}
   (You found it on level 4 of the Depths)

   [ring of see invisible]

   AC+2:      It affects your AC (+2).
   EV+2:      It affects your evasion (+2).
   HP+2:      It affects your health (+2).
   SInv:      It lets you see invisible.
   SH+2:      It affects your SH (+2).
 X - the ring "Xugrofa" {rElec Int+6 Dex+3 SInv}
   (You found it in the Desolation of Salt)

   [ring of intelligence]

   Int+6:     It affects your intelligence (+6).
   Dex+3:     It affects your dexterity (+3).
   rElec:     It insulates you from electricity.
   SInv:      It lets you see invisible.
 Z - the amulet of Grace (around neck) {Reflect rC++ Int-5 Dex+3 Slay+5 SH+5}
   (You acquired it on level 2 of the Depths)

   [amulet of reflection]

   Reflect:   It reflects blocked missile attacks.
   Int-5:     It affects your intelligence (-5).
   Dex+3:     It affects your dexterity (+3).
   Slay+5:    It affects your accuracy & damage with ranged weapons and melee
   (+5).
   rC++:      It greatly protects you from cold.
   SH+5:      It affects your SH (+5).
Wands
 n - a wand of polymorph (14) (quivered)
 x - a wand of paralysis (52)
 A - a wand of roots (45)
 E - a wand of mindburst (38)
 F - a wand of digging (30)
 I - a wand of quicksilver (27)
Scrolls
 k - a scroll of torment
 o - 7 scrolls of amnesia
 q - 8 scrolls of fear
 t - 7 scrolls of immolation
 w - 13 scrolls of fog
 z - 2 scrolls of revelation
 B - a scroll of silence
 C - 24 scrolls of identify
 D - 11 scrolls of vulnerability
 H - 4 scrolls of poison
 U - 7 scrolls of summoning
Potions
 d - 4 potions of magic
 e - 9 potions of enlightenment
 f - 5 potions of invisibility
 i - 9 potions of heal wounds
 j - 10 potions of ambrosia
 m - 9 potions of brilliance
 p - 12 potions of mutation
 r - 6 potions of resistance
 u - 13 potions of curing
 v - 6 potions of cancellation
 K - 5 potions of lignification
 N - 5 potions of might
 O - 9 potions of attraction
Miscellaneous
 h - a phial of floods
 l - a lightning rod (4/4)
 y - a phantom mirror
 Y - a tin of tremorstones (2/2)


   Skills:
 O Level 27 Fighting
 - Level 24.0 Axes
 + Level 19.7 Armour
 + Level 16.5 Dodging
 + Level 21.4 Stealth
 - Level 23.3 Shields
 - Level 5.3 Evocations


You had 26 spell levels left.
You didn't know any spells.
Your spell library contained the following spells:

 Spells                   Type           Power      Damage    Failure   Level
 Foxfire                  Conj/Fire      0%         2x1d4     89%         1
 Freeze                   Ice            0%         1d3       89%         1
 Kiss of Death            Conj/Necr      0%         2d5       89%         1
 Magic Dart               Conj           0%         1d3       89%         1
 Necrotise                Necr           0%         1d4       89%         1
 Sandblast                Erth           0%         2d4       89%         1
 Slow                     Hex            0%         N/A       89%         1
 Sting                    Conj/Alch      0%         1d3       89%         1
 Summon Small Mammal      Summ           0%         N/A       89%         1
 Call Imp                 Summ           0%         N/A       96%         2
 Jinxbite                 Hex            0%         N/A       96%         2
 Lesser Beckoning         Tloc           0%         N/A       96%         2
 Mercury Vapours          Alch/Air       0%         N/A       96%         2
 Momentum Strike          Conj/Tloc      0%         3d8       96%         2
 Searing Ray              Conj           0%         2d4       96%         2
 Static Discharge         Conj/Air       0%         3-3/arc   96%         2
 Sublimation of Blood     Necr           0%         N/A       96%         2
 Call Canine Familiar     Summ           0%         N/A       99%         3
 Confusing Touch          Hex            0%         N/A       99%         3
 Frozen Ramparts          Ice            0%         1d1       99%         3
 Fugue of the Fallen      Necr           0%         N/A       99%         3
 Gell's Gravitas          Tloc           0%         N/A       99%         3
 Hailstorm                Conj/Ice       0%         3d5       99%         3
 Passwall                 Erth           0%         N/A       99%         3
 Sigil of Binding         Hex            0%         N/A       99%         3
 Stone Arrow              Conj/Erth      0%         3d7       99%         3
 Summon Ice Beast         Ice/Summ       0%         N/A       99%         3
 Teleport Other           Tloc           0%         N/A       99%         3
 Tukima's Dance           Hex            0%         N/A       99%         3
 Vampiric Draining        Necr           0%         2d6       99%         3
 Airstrike                Air            0%         2d(0-16)  100%        4
 Anguish                  Hex/Necr       0%         N/A       100%        4
 Brom's Barrelling Bould  Conj/Erth      0%         2d3       100%        4
 Cause Fear               Hex            0%         N/A       100%        4
 Dimensional Bullseye     Hex/Tloc       0%         N/A       100%        4
 Dispel Undead            Necr           0%         3d6       100%        4
 Flame Wave               Conj/Fire      0%         2d4       100%        4
 Fulminant Prism          Conj/Alch      0%         3d5       100%        4
 Iskenderun's Mystic Bla  Conj/Tloc      0%         2d3       100%        4
 Leda's Liquefaction      Alch/Erth      0%         N/A       100%        4
 Martyr's Knell           Necr/Summ      0%         N/A       100%        4
 Olgreb's Toxic Radiance  Alch           0%         N/A       100%        4
 Petrify                  Alch/Erth      0%         N/A       100%        4
 Summon Blazeheart Golem  Fire/Summ      0%         N/A       100%        4
 Summon Lightning Spire   Summ/Air       0%         N/A       100%        4
 Alistair's Intoxication  Alch           0%         N/A       100%        5
 Arcjolt                  Conj/Air       0%         1d10      100%        5
 Borgnjor's Vile Clutch   Necr/Erth      0%         N/A       100%        5
 Curse of Agony           Necr           0%         N/A       100%        5
 Fireball                 Conj/Fire      0%         3d3       100%        5
 Irradiate                Conj/Alch      0%         3d11      100%        5
 Iskenderun's Battlesphe  Conj           0%         2d6       100%        5
 Metabolic Englaciation   Hex/Ice        0%         N/A       100%        5
 Yara's Violent Unravell  Hex/Alch       0%         3d3       100%        5
 Bombard                  Conj/Erth      0%         9d1       100%        6
 Conjure Ball Lightning   Conj/Air       0%         3x3d6     100%        6
 Dispersal                Tloc           0%         N/A       100%        6
 Eringya's Noxious Bog    Alch           0%         4d6       100%        6
 Plasma Beam              Fire/Air       0%         2x1d10    100%        6
 Sculpt Simulacrum        Ice/Alch       0%         N/A       100%        6
 Starburst                Conj/Fire      0%         6d3       100%        6
 Enfeeble                 Hex            0%         N/A       100%        7
 Haunt                    Necr/Summ      0%         N/A       100%        7
 Orb of Destruction       Conj           0%         9d5       100%        7
 Ozocubu's Refrigeration  Ice            0%         4d7       100%        7
 Summon Hydra             Summ           0%         N/A       100%        7
 Borgnjor's Revivificati  Necr           0%         N/A       100%        8
 Discord                  Hex            0%         N/A       100%        8
 Disjunction              Tloc           0%         N/A       100%        8
 Infestation              Necr           0%         N/A       100%        8
 Maxwell's Capacitive Co  Air            0%         ∞         100%        8
 Chain Lightning          Conj/Air       0%         N/A       100%        9
 Death's Door             Necr           0%         N/A       100%        9
 Fire Storm               Conj/Fire      0%         5d1       100%        9
 Shatter                  Erth           0%         3d5*      100%        9
 Blink                    Tloc           Unusable   N/A       N/A         2
 Animate Dead             Necr           Unusable   N/A       N/A         4
 Vhi's Electric Charge    Tloc/Air       Unusable   N/A       N/A         4

Dungeon Overview and Level Annotations

Branches:
Dungeon (15/15)            Temple (1/1) D:4            Lair (5/5) D:8
  Swamp (4/4) Lair:3       Spider (4/4) Lair:3        Slime (0/5) Lair:4
    Orc (2/2) D:12            Elf (3/3) Orc:2        Vaults (5/5) D:13
  Crypt (0/3) Vaults:3     Depths (4/4) D:15            Zot (5/5) Depths:4
 WizLab (visited)         Desolation (visited)      Gauntlet (visited)

Altars:
Ashenzari
Cheibriados
Dithmenos
Elyvilon
Fedhas
Gozag
Hepliaklqana
Kikubaaqudgha
Makhleb
Nemelex Xobeh
Okawaru
Qazlal
Ru
Sif Muna
Trog
Uskayaw
Vehumet
Wu Jian
Xom
Yredelemnul
Zin
The Shining One
Jiyva

Shops:
D:2 ?   D:5 :   Orc:2 !=*(   Elf:2 ?(**   Lair:1 (?*!=   Vaults:1 ?=
Vaults:2 ?[   Vaults:3 ([   Depths:2 (   Depths:3 [*[   Depths:4 *!

Portals:
Hell: Depths:1 Depths:2 Depths:3 Depths:4
Abyss: Swamp:4 Depths:2 Depths:3 Depths:4
Pandemonium: Orc:2 Depths:2 Depths:3
Ziggurat: Depths:1
Trove: Vaults:2 (give +4 demon blade)

Annotations:
D:5 3 runed translucent doors, Daviar's ghost, weakling HuDe
D:9 1 runed translucent door, Yehuk's ghost, journeyman GrFi
Temple 4 transporters
Swamp:4 2 transporters, Konrad's ghost, adept MiHu
Elf:2 3 runed translucent doors
Vaults:3 Bai Suzhen
Depths:1 3 runed translucent doors, 2 transporters, WeeknightWizard's ghost, veteran DEFE
Depths:4 2 transporters
Zot:2 exclusion: lightning spire
Zot:3 2 transporters, exclusion: 4 orange crystal statues, Beclu's ghost, legendary GnSk; Hicanoach's ghost, master DsGl; Skimidon's ghost, master MiAr


Innate Abilities, Weirdness & Mutations

You cannot be hasted, slowed, berserked, paralysed or teleported.
You can dig through walls and to a lower floor.
You have a pair of large antennae on your head. (SInv)
Your four strong arms can wield two-handed weapons with a shield.


Message History

Unknown command.
There is a stone staircase leading up here.
You fly upwards.
There is a stone staircase leading down here.
There is a stone staircase leading up here.
You fly upwards.
There is a stone staircase leading down here.
There is a stone staircase leading up here.
You fly upwards.
There is a stone staircase leading down here.
You see here a +0 dagger.
There is a stone staircase leading up, spattered with blood here.
You fly upwards.
There is a stone staircase leading down here.
You sense a monster nearby.
There is an open door here.
A soul eater comes into view.
You slice the soul eater!! You freeze the soul eater.
The soul eater is moderately wounded.
You hit the soul eater but do no damage.
The soul eater is moderately wounded.
You block the soul eater's attack.
Unknown command.
You slice the soul eater!!
The soul eater is almost dead.
You block the soul eater's attack.
You chop the soul eater into pieces!!! You freeze the soul eater.
You kill the soul eater!
No target in view!
There is an open door here.
You reach down and open the door.
There is an open door here.
You sense a monster nearby.
There is an open door here.
You can't go up here!
A Counli Otwug and a hellwing come into view.
Counli Otwug screams, "Accept thy fall, thou bootless roguish slime mould!"
The hellwing gives a chilling moan.
There is a staircase leading out of the dungeon here.
You have escaped!

#...[..###...###### #..#
#[.....###.#.÷# #...
#........#'##.# ##.#.
#........#.#..### ###..#.
########.#'#....# #......
#.#.#..#.#####......
###'##.#.$..........
#######...#####..##......
#.'.'.'.@.'.'.'..........
#.#####...#########......
#.....##'##............##
####...#.#>...........###
##.#.#&#...............
#..#.#4###.............
##....#'# #.##..###.....
##...#...# #.##..# ##....
#######...###### #.##..#
#....


You could see Counli Otwug and a hellwing.

Vanquished Creatures
  2 dread liches
  An orb of fire (Zot:5)
  A pandemonium lord (D:15)
  Sojobo (Depths:2)
  2 juggernauts
  4 curse toes
  5 Killer Klowns
  Nikola (Swamp:3)
  13 golden dragons
  Norris (Elf:3)
  10 tentacled monstrosities
  An Ice Fiend (D:14)
  Rupert (Orc:2)
  16 Orb Guardians (Zot:5)
  6 liches
  Asterion (Vaults:3)
  2 titans (Vaults:5)
  A walking earthen tome (Depths:4)
  2 deep elf blademasters (Elf:3)
  2 deep elf master archers (Elf:3)
  8 sphinxes
  6 quicksilver dragons
  An Executioner (Abyss:2)
  Frances (Spider:1)
  2 walking frostbound tomes
  12 death cobs
  Gastronok (Lair:3)
  12 storm dragons
  9 tengu reavers
  6 shadow dragons
  A draconian monk (Zot:2)
  4 thorn hunters
  A revenant (Abyss:2)
  Donald (Swamp:4)
  A demonspawn warmonger (D:8)
  4 protean progenitors
  3 draconian knights
  8 deep elf sorcerers (Elf:3)
  8 frost giants
  2 draconian shifters (Zot:3)
  9 draconian scorchers
  4 emperor scorpions
  8 fire giants
  A cacodemon (Abyss:4)
  An imperial myrmidon (Desolation)
  An iron dragon (Vaults:5)
  3 ghouls (Swamp:3)
  A reaper (Depths:2)
  12 vault wardens
  3 spectral caustic shrikes (Depths:2)
  A curse skull (Vaults:3)
  37 very ugly things
  6 ghost moths
  5 angels
  6 broodmothers (Spider:4)
  4 deep elf elementalists
  3 draconian stormcallers (Zot:4)
  21 ironbound preservers
  3 formless jellyfish
  2 spriggan defenders
  16 stone giants
  A demonspawn blood saint (D:15)
  3 vampire knights
  10 draconian annihilators
  6 green draconians
  6 deep elf annihilators
  2 black draconians
  A deep elf demonologist (Vaults:4)
  12 ironbound thunderhulks
  2 demonspawn black suns
  5 eleionomae
  5 deep elf death magi
  7 bunyips
  4 red draconians
  A lorocyproca (D:8)
  4 halazid warlocks (Desolation)
  19 purple draconians
  2 yellow draconians
  A minotaur (Gauntlet)
  11 dire elephants
  8 white draconians
  12 spark wasps
  4 statues (WizLab)
  4 crystal guardians
  Snorg (Lair:3)
  7 ettins
  4 blizzard demons
  9 entropy weavers
  Josephine (D:10)
  2 shambling mangroves
  4 deep elf high priests
  20 yaktaur captains
  10 fire dragons
  3 ragged hierophants (Desolation)
  34 vault guards
  3 rakshasas
  12 great orbs of eyes
  4 peacekeepers
  15 hydras
  An ogre mage (Vaults:4)
  8 ice dragons
  5 spriggan air magi
  2 radroaches (Spider:4)
  4 servants of whispers (Desolation)
  3 demonspawn (Orc:2)
  A jorogumo (Spider:2)
  3 catoblepae
  2 ghost crabs
  A salamander tyrant (Depths:4)
  10 alligators
  11 boulder beetles
  15 ironbound frosthearts
  An anaconda (Swamp:1)
  10 centaur warriors
  A death knight (D:15)
  2 satyrs (Zot:3)
  A two-headed ogre (shapeshifter) (Vaults:5)
  18 dancing weapons
  7 deep troll earth magi
  9 deep troll shamans
  9 tengu warriors
  A vampire mage (Depths:4)
  2 two-headed ogres
  A hell hog (Lair:5)
  4 soul eaters
  7 orc high priests (Orc:2)
  3 occultists
  10 hell knights
  6 demonic crawlers
  Sonja (Lair:1)
  15 deep elf knights
  A skyshark (shapeshifter) (Depths:4)
  A shadow wraith (Vaults:5)
  A sun demon (Abyss:2)
  A salamander mystic (Depths:4)
  5 skysharks
  2 wretched stars
  An iron troll (Depths:4)
  6 pharaoh ants
  A bunyip zombie (Swamp:3)
  A goliath frog (Swamp:4)
  12 orb spiders
  3 death drakes (Zot:2)
  A shadow demon (Depths:2)
  4 spriggan druids
  A glowing orange brain (Vaults:4)
  A sun moth (Spider:4)
  5 arcanists
  9 bog bodies
  A flayed ghost (Vaults:3)
  44 deep trolls
  13 deep elf archers
  13 lindwurms
  4 steelbarb worms
  15 ironbound convokers
  4 spectral wolf spiders (Spider:4)
  17 swamp dragons
  6 wolf spider zombies (Spider:4)
  17 deep elf pyromancers
  19 deep elf zephyrmancers
  8 necromancers
  6 orc knights
  24 wolf spiders
  An alligator zombie (Swamp:3)
  4 harpies (Vaults:1)
  6 orc sorcerers
  3 phantasmal warriors
  A steelbarb worm (shapeshifter) (Vaults:3)
  3 cyclopes
  An oklob plant (Lair:2)
  9 spectral spriggans (Swamp:3)
  Joseph (D:8)
  4 manticores
  4 will-o-the-wisps
  5 large abominations
  2 worldbinders (Abyss:4)
  2 salamanders (Depths:4)
  A moth of wrath (shapeshifter) (Zot:3)
  31 moths of wrath
  29 ugly things
  2 meliai
  6 elephants
  2 rust devils
  A toenail golem (D:5)
  5 black mambas
  7 guardian serpents
  2 molten gargoyles
  18 vault sentinels
  8 torpor snails
  3 smoke demons (Abyss:4)
  A cane toad (shapeshifter) (Abyss:2)
  13 komodo dragons
  6 rime drakes
  22 cane toads
  Jeremiah (D:8)
  An efreet (D:15)
  4 unseen horrors
  A tormentor (Abyss:4)
  A bunyip simulacrum (Swamp:3)
  3 freezing wraiths
  2 ice devils
  17 tengu conjurers
  17 yaktaurs
  6 trolls
  An ancient zyme (Abyss:4)
  6 tyrant leeches
  4 wolf spider simulacra
  13 polar bears
  A yaktaur skeleton (Vaults:3)
  3 bloated husks (Swamp:3)
  4 raiju (Lair:5)
  An alligator simulacrum (Swamp:3)
  21 tarantellas
  16 hornets
  7 glass eyes
  9 blink frogs
  35 saltlings (Desolation)
  50 slime creatures
  27 jumping spiders
  A yak (shapeshifter) (Vaults:5)
  4 air elementals
  11 spriggans
  A ynoxinul (Gauntlet)
  A shadow (D:10)
  67 yaks
  A vampire (D:14)
  2 fire elementals
  18 culicivoras
  A basilisk (shapeshifter) (Depths:2)
  6 starcursed masses (Abyss:4)
  8 wraiths
  8 water elementals
  4 wyverns
  A hog (shapeshifter) (D:14)
  A human (shapeshifter) (Elf:3)
  16 vampire mosquitoes
  A neqoxec (Abyss:4)
  5 wargs
  49 redbacks
  7 steam dragons
  7 basilisks
  3 chaos spawn
  10 swamp worms
  A glowing shapeshifter skeleton (Vaults:3)
  2 acid dragons
  11 water moccasins
  30 orc warriors
  13 hell hounds (Lair:5)
  An ogre skeleton (Vaults:3)
  10 swamp drakes
  2 sky beasts
  5 ice beasts
  2 ogres (Orc:2)
  2 swamp dragon zombies (Swamp:3)
  12 black bears
  An ice beast (shapeshifter) (Elf:2)
  2 small abominations (Abyss:2)
  6 centaurs
  19 wolves (Lair:5)
  2 kobold brigands
  4 earth elementals
  9 bullfrogs
  4 scorpions
  4 wights
  8 killer bees
  6 electric eels
  2 vampire bats (D:3)
  2 howler monkeys (D:8)
  A lava snake (D:13)
  A bombardier beetle (D:5)
  6 jellies
  A gnoll bouda (D:1)
  10 hounds
  33 orc priests
  9 iguanas
  2 iron imps (Gauntlet)
  18 orc wizards
  A sleepcap (D:4)
  Natasha (thrice) (D:2)
  4 hell rats (Lair:3)
  5 gnolls
  6 adders
  8 river rats (Lair:3)
  2 shadow imps
  4 white imps
  An ufetubus (Abyss:2)
  5 dart slugs
  A ribbon worm (D:4)
  103 orcs
  3 bat skeletons (D:3)
  A bat zombie (D:3)
  5 endoplasms
  2 giant cockroaches
  8 goblins
  2 hobgoblins (D:1)
  3 jackals (D:4)
  7 quokkas
  7 ball pythons
  7 bats
  2 frilled lizards
  16 kobolds
  7 rats
  An aspiring flesh (Zot:3)
  2 butterflies
  A lurking horror (Abyss:2)
  3 spectral weapons (Vaults:3)
2139 creatures vanquished.

Vanquished Creatures (collateral kills)
  2 dread liches (Zot:5)
  An orb of fire (Zot:5)
  4 Killer Klowns (Zot:5)
  An electric golem (Zot:5)
  5 Orb Guardians (Zot:5)
  A sphinx (Vaults:5)
  A death cob (Zot:5)
  A tengu reaver (Vaults:5)
  2 shadow dragons (Vaults:5)
  A storm dragon (Vaults:5)
  2 draconian monks (Zot:5)
  2 vault wardens (Vaults:5)
  A frost giant (Vaults:5)
  2 stone giants (Vaults:5)
  A purple draconian (Zot:5)
  A hell knight (Vaults:5)
  2 deep elf archers (Vaults:5)
  An orange crystal statue (Zot:5)
  An orc knight (Vaults:5)
  3 ugly things (Vaults:5)
  A cyclops (shapeshifter) (Vaults:5)
  3 moths of wrath (Zot:5)
  A water nymph (shapeshifter) (Vaults:5)
  A warg (Vaults:5)
  An orc (Vaults:5)
42 creatures vanquished.

Vanquished Creatures (others)
  2 dread liches
  2 orbs of fire (Zot:5)
  2 Killer Klowns (Zot:5)
  A tentacled monstrosity (Vaults:5)
  2 Orb Guardians (Zot:5)
  A sphinx (Vaults:5)
  2 shadow dragons (Vaults:5)
  A tengu reaver (Vaults:5)
  A fire giant (Vaults:5)
  2 vault wardens (Vaults:5)
  2 frost giants (Vaults:5)
  2 ironbound preservers (Vaults:5)
  2 deep elf demonologists (Vaults:5)
  A deep elf annihilator (Vaults:5)
  A deep elf death mage (Vaults:5)
  A black draconian (Zot:5)
  2 ettins (Vaults:5)
  A deep elf high priest (Vaults:5)
  A yaktaur captain (Vaults:5)
  A deep elf knight (Vaults:5)
  A goliath frog (Swamp:1)
  3 deep trolls (Vaults:5)
  An orb spider (Spider:3)
  An orc knight (Vaults:5)
  A necromancer (Vaults:5)
  3 phantasmal warriors
  An ironbound convoker (Vaults:5)
  A deep elf zephyrmancer (Elf:2)
  2 moths of wrath (Zot:5)
  A torpor snail (shapeshifter) (Vaults:5)
  An ice devil (Depths:3)
  5 yaktaurs
  3 bloated husks
  A merfolk (shapeshifter) (Vaults:5)
  3 orc warriors (Vaults:5)
  A small abomination (Depths:3)
  A ball lightning (Depths:3)
  10 foxfires
70 creatures vanquished.

Grand Total: 2251 creatures vanquished

Notes
Turn   | Place    | Note
-------+----------+-------------------------------------------
     0 | D:1      | t4s4d4r the Formicid Fighter began the quest for the Orb.
     0 | D:1      | Reached XP level 1. HP: 18/18 MP: 1/1
    70 | D:1      | Reached XP level 2. HP: 22/24 MP: 2/2
   260 | D:1      | Reached XP level 3. HP: 29/29 MP: 3/3
   694 | D:2      | Reached XP level 4. HP: 35/35 MP: 4/4
  1299 | D:1      | Reached XP level 5. HP: 39/41 MP: 5/5
  1348 | D:2      | Reached skill level 5 in Axes
  1507 | D:2      | Found Coprew's Magic Scroll Shoppe.
  1629 | D:2      | Noticed Natasha
  1652 | D:2      | Killed Natasha
  1807 | D:3      | Found a blossoming altar of Fedhas.
  1958 | D:3      | Found an ancient bone altar of Kikubaaqudgha.
  1962 | D:3      | Reached XP level 6. HP: 46/47 MP: 6/6
  2876 | D:2      | Noticed Natasha
  2882 | D:2      | Killed Natasha
  3085 | D:4      | Reached XP level 7. HP: 45/52 MP: 7/7
  3288 | D:4      | Found a staircase to the Ecumenical Temple.
  3298 | Temple   | Found a transporter.
  3298 | Temple   | Found a transporter.
  3298 | Temple   | Found a transporter.
  3298 | Temple   | Found a transporter.
  3298 | Temple   | Entered the Ecumenical Temple
  3316 | Temple   | Became a worshipper of Gozag Ym Sagoz the Greedy
  4105 | D:5      | Entered Level 5 of the Dungeon
  4291 | D:5      | Found Gesegiot's Vocational Training.
  4363 | D:5      | Reached XP level 8. HP: 31/58 MP: 8/8
  4523 | D:5      | Reached skill level 1 in Evocations
  4549 | D:5      | Found a runed translucent gate.
  4550 | D:5      | Found a runed translucent gate.
  4550 | D:5      | Identified the +9 plate armour of Knowledge {Harm rElec
                  | rF-}
  4550 | D:5      | Noticed Daviar's ghost (weakling HuDe)
  4551 | D:5      | Found a runed translucent gate.
  4676 | D:5      | Found an iron altar of Okawaru.
  5952 | D:6      | Reached skill level 10 in Axes
  6245 | D:6      | Reached XP level 9. HP: 64/64 MP: 9/9
  6361 | D:6      | Found a broken altar of Ashenzari.
  6370 | D:6      | Found a sparkling altar of Nemelex Xobeh.
  7130 | D:7      | Reached skill level 5 in Evocations
  7435 | D:2      | Noticed Natasha
  7440 | D:2      | Killed Natasha
  7482 | D:2      | Bought a scroll of acquirement for 728 gold pieces
  7483 | D:2      | Acquired a +2 executioner's axe of venom
  7863 | D:8      | Noticed Joseph
  7977 | D:8      | Killed Joseph
  7993 | D:8      | Noticed a troll
  7994 | D:8      | Reached XP level 10. HP: 28/70 MP: 10/10
  8415 | D:8      | Noticed Jeremiah
  8468 | D:8      | Reached skill level 4 in Fighting
  8486 | D:8      | Killed Jeremiah
  8669 | D:8      | Identified the +1 mace of Revolt {freeze, Will+ Int+5}
  8680 | D:8      | Reached skill level 5 in Fighting
  8910 | D:8      | Found a staircase to the Lair.
  8930 | D:8      | Reached skill level 6 in Fighting
  8944 | D:8      | Reached XP level 11. HP: 77/83 MP: 11/11
  9125 | D:8      | Reached skill level 7 in Fighting
  9442 | D:2      | Bought a scroll of revelation for 105 gold pieces
  9442 | D:2      | Bought a scroll of fog for 56 gold pieces
  9442 | D:2      | Bought a scroll of enchant armour for 105 gold pieces
  9442 | D:2      | Bought a scroll of revelation for 105 gold pieces
 10036 | D:9      | Noticed Yehuk's ghost (journeyman GrFi)
 10056 | D:9      | Found a runed translucent door.
 10490 | D:10     | Entered Level 10 of the Dungeon
 10623 | D:10     | Reached skill level 8 in Fighting
 11082 | D:10     | Noticed Josephine
 11092 | D:10     | Killed Josephine
 11093 | D:10     | Reached skill level 9 in Fighting
 11921 | D:11     | Noticed a cyan ugly thing
 11926 | D:11     | Killed a cyan ugly thing
 11947 | D:11     | Noticed a two-headed ogre
 11964 | D:11     | Killed a two-headed ogre
 11965 | D:11     | Reached skill level 10 in Fighting
 11965 | D:11     | Reached skill level 15 in Axes
 12201 | D:11     | Reached XP level 12. HP: 97/97 MP: 12/12
 12347 | D:11     | Reached skill level 1 in Dodging
 12566 | D:12     | Found a staircase to the Orcish Mines.
 12826 | D:12     | Reached skill level 5 in Armour
 13324 | Lair:1   | Entered Level 1 of the Lair of Beasts
 13342 | Lair:1   | Bought a scroll of fear for 52 gold pieces
 13342 | Lair:1   | Bought a scroll of fear for 52 gold pieces
 13342 | Lair:1   | Bought a scroll of revelation for 97 gold pieces
 13493 | Lair:1   | Found a gate leading to a gauntlet.
 13534 | Gauntlet | Entered a Gauntlet
 13534 | Gauntlet | Found a transporter.
 13534 | Gauntlet | Found a transporter.
 13602 | Gauntlet | Found a transporter.
 13602 | Gauntlet | Found the -2 hat of the Alchemist {rElec rPois rF+ rC+ rN+
                  | Will+ rMut rCorr}
 13606 | Gauntlet | Found a transporter.
 13614 | Gauntlet | Found a transporter.
 13618 | Gauntlet | Found a transporter.
 13624 | Gauntlet | Noticed a death yak
 13624 | Gauntlet | Noticed a death yak
 13625 | Gauntlet | Noticed a death yak
 13628 | Gauntlet | Noticed a death yak
 13631 | Gauntlet | Found a transporter.
 13641 | Gauntlet | Noticed an occultist
 13642 | Gauntlet | Noticed an occultist
 13643 | Gauntlet | Found a transporter.
 13661 | Gauntlet | Found a transporter.
 13662 | Gauntlet | Found a transporter.
 13670 | Gauntlet | Found a transporter.
 13674 | Gauntlet | Found a transporter.
 13842 | Gauntlet | Reached skill level 5 in Dodging
 13879 | Gauntlet | Killed an occultist
 13880 | Gauntlet | Reached XP level 13. HP: 103/103 MP: 13/13
 13938 | Gauntlet | Acquired the +2 cloak "Ezaboh" {Fly Str+3}
 13964 | Gauntlet | Noticed a minotaur
 13975 | Gauntlet | Killed a minotaur
 14472 | Lair:1   | Noticed Sonja
 14476 | Lair:1   | Killed Sonja
 16053 | Lair:1   | Bought a glowing dire flail for 231 gold pieces
 16204 | Lair:3   | Noticed Snorg
 16218 | Lair:3   | Killed Snorg
 16264 | Lair:3   | Reached XP level 14. HP: 57/110 MP: 14/14
 16467 | Lair:3   | Noticed Gastronok
 16484 | Lair:3   | Killed Gastronok
 16916 | Lair:3   | Found a staircase to the Swamp.
 16966 | Lair:3   | Found a hole to the Spider Nest.
 17696 | Lair:4   | Found a viscous altar of Jiyva.
 17696 | Lair:4   | Found a staircase to the Slime Pits.
 18361 | Lair:5   | Entered Level 5 of the Lair of Beasts
 18517 | Lair:5   | Reached skill level 11 in Fighting
 18874 | Lair:5   | Acquired a manual of Shields
 18876 | Lair:5   | Acquired an amulet of regeneration
 19095 | Lair:5   | Reached skill level 12 in Fighting
 19145 | Lair:5   | Reached XP level 15. HP: 96/120 MP: 15/15
 19205 | Lair:5   | Identified the maw talisman of Knowledge {rElec rN+ Stlth-}
 19236 | Lair:5   | Identified the +1 mace "Jyrchakhlus" {elec, Str+3}
 19500 | Lair:5   | Found the ring of the Hare {EV+10}
 20134 | Lair:5   | Reached skill level 13 in Fighting
 21114 | D:13     | Reached skill level 1 in Stealth
 21268 | D:13     | Found a gate to the Vaults.
 21672 | Orc:1    | Entered Level 1 of the Orcish Mines
 21851 | Orc:2    | Entered Level 2 of the Orcish Mines
 21909 | Orc:2    | Noticed Rupert
 21943 | Orc:2    | Killed Rupert
 22044 | Orc:2    | Found Igeepah's Distillery.
 22054 | Orc:2    | Found Moidut's General Store.
 22707 | Orc:2    | Found a staircase to the Elven Halls.
 22793 | Orc:1    | Reached skill level 5 in Stealth
 22793 | Orc:1    | Reached XP level 16. HP: 107/131 MP: 16/16
 23383 | Orc:2    | Bought a potion of resistance for 120 gold pieces
 23383 | Orc:2    | Bought a potion of heal wounds for 60 gold pieces
 23383 | Orc:2    | Bought a potion of heal wounds for 60 gold pieces
 23383 | Orc:2    | Bought 2 potions of might for 96 gold pieces
 23383 | Orc:2    | Bought a potion of mutation for 96 gold pieces
 23385 | Orc:2    | Bought a scroll of fog for 56 gold pieces
 23385 | Orc:2    | Bought a potion of attraction for 42 gold pieces
 23385 | Orc:2    | Bought 2 potions of attraction for 84 gold pieces
 23544 | Orc:2    | Found Jean's Antique Weapon Shop.
 23544 | Orc:2    | Found Romon's Jewellery Boutique.
 23545 | Orc:2    | Found a one-way gate leading to the halls of Pandemonium.
 23549 | Orc:2    | Bought a ring of flight for 227 gold pieces
 24252 | Lair:1   | Bought the ring "Cepnaz" {Fly Will+ Int+3 Stlth-} for 624
                  | gold pieces
 24252 | Lair:1   | Bought the ring "Bixypras" {rC+ rN+ SInv} for 646 gold
                  | pieces
 24694 | D:14     | Found a sparkling altar of Nemelex Xobeh.
 24836 | D:14     | Reached skill level 10 in Armour
 25045 | D:15     | Entered Level 15 of the Dungeon
 25363 | D:15     | Found a staircase to the Depths.
 25554 | D:15     | Reached skill level 5 in Shields
 26075 | Lair:1   | Bought a potion of curing for 54 gold pieces
 26075 | Lair:1   | Bought a potion of curing for 54 gold pieces
 26075 | Lair:1   | Bought 2 potions of curing for 108 gold pieces
 26075 | Lair:1   | Bought a potion of attraction for 54 gold pieces
 26075 | Lair:1   | Bought a potion of might for 72 gold pieces
 26075 | Lair:1   | Bought 2 potions of might for 144 gold pieces
 26075 | Lair:1   | Bought a potion of mutation for 144 gold pieces
 26132 | Spider:1 | Entered Level 1 of the Spider Nest
 26381 | Spider:1 | Identified the ring "Gyeruuk" {rF+ Int+2 Dex+2}
 26394 | Spider:1 | Noticed Frances
 26410 | Spider:1 | Killed Frances
 26440 | Spider:1 | Reached skill level 10 in Shields
 26448 | Spider:1 | Reached XP level 17. HP: 138/138 MP: 17/17
 26535 | Spider:1 | Identified the +2 dagger "Mamn" {vamp, rElec rF- rCorr}
 27578 | Spider:2 | Reached skill level 15 in Shields
 29372 | Spider:4 | Entered Level 4 of the Spider Nest
 29427 | Spider:4 | Identified the +0 robe "Voos" {Harm rF- Regen+ Dex-4}
 29489 | Spider:4 | Reached XP level 18. HP: 145/145 MP: 18/18
 29869 | Spider:4 | Reached skill level 14 in Fighting
 30338 | Spider:4 | Got a gossamer rune of Zot
 30377 | Spider:4 | Reached skill level 15 in Fighting
 30784 | Swamp:1  | Entered Level 1 of the Swamp
 31865 | Swamp:3  | Reached XP level 19. HP: 155/155 MP: 19/19
 32390 | Swamp:3  | Noticed Nikola
 32413 | Swamp:3  | Killed Nikola
 33424 | Swamp:4  | Entered Level 4 of the Swamp
 33481 | Swamp:4  | Found a transporter.
 33489 | Swamp:4  | Noticed Konrad's ghost (adept MiHu)
 33490 | Swamp:4  | Found a one-way gate to the infinite horrors of the Abyss.
 33630 | Swamp:4  | Found a transporter.
 33853 | Swamp:4  | Noticed Donald
 33866 | Swamp:4  | Killed Donald
 33917 | Swamp:4  | Got a decaying rune of Zot
 34023 | Swamp:4  | Reached XP level 20. HP: 163/163 MP: 20/20
 34631 | Vaults:1 | Entered Level 1 of the Vaults
 34631 | Vaults:1 | Found Wipt's Magic Scroll Shop.
 34635 | Vaults:1 | Bought a scroll of enchant armour for 90 gold pieces
 34635 | Vaults:1 | Bought a scroll of revelation for 90 gold pieces
 34939 | Vaults:1 | Reached skill level 16 in Fighting
 35104 | Vaults:1 | Reached skill level 10 in Stealth
 36034 | Vaults:2 | Bought a +1 tower shield of protection for 280 gold pieces
 36047 | Vaults:2 | Bought a +2 pair of boots of stealth for 365 gold pieces
 36387 | Vaults:2 | Reached XP level 21. HP: 119/173 MP: 21/21
 36405 | Vaults:2 | Reached skill level 17 in Fighting
 36491 | Vaults:2 | Found a portal to a secret trove of treasure.
 36734 | Vaults:2 | Found Weocisuf's Magic Scroll Emporium.
 36740 | Vaults:2 | Bought a scroll of enchant weapon for 97 gold pieces
 36740 | Vaults:2 | Bought a scroll of fog for 52 gold pieces
 37328 | Vaults:2 | Bought a scroll of acquirement for 676 gold pieces
 37329 | Vaults:2 | Acquired 999 gold pieces
 37332 | Vaults:2 | Bought a scroll of acquirement for 676 gold pieces
 37333 | Vaults:2 | Acquired 1023 gold pieces
 37593 | Vaults:2 | Reached skill level 10 in Dodging
 37850 | Vaults:3 | Reached skill level 18 in Fighting
 37955 | Vaults:3 | Found a magical portal.
 37976 | WizLab   | Entered Iskenderun's Mystic Tower
 38580 | WizLab   | Reached XP level 22. HP: 156/184 MP: 22/22
 38619 | WizLab   | Got Iskenderun's Papyrus of Momentum
 38619 | WizLab   | Got Iskenderun's Compilation of Conflict
 38653 | WizLab   | Got Maunirr's Spellbook of Brilliant Topomancy
 38842 | Vaults:3 | Found Yqanteg's Antique Weapon Emporium.
 38896 | Vaults:3 | Reached XP level 23. HP: 94/192 MP: 23/23
 39180 | Vaults:3 | Found a staircase to the Crypt.
 39468 | Vaults:3 | Noticed Asterion
 39481 | Vaults:3 | Killed Asterion
 39722 | Vaults:3 | Noticed Bai Suzhen
 39984 | Vaults:3 | Reached skill level 19 in Fighting
 40857 | Vaults:4 | Identified the +8 long sword of Wyrd {drain, rElec rC+}
 41561 | Elf:1    | Entered Level 1 of the Elven Halls
 41669 | Elf:1    | Found a crumbling gateway.
 41686 | Desolati | Entered the Desolation of Salt
 42077 | Desolati | Identified the ring "Xugrofa" {rElec Int+6 Dex+3 SInv}
 42077 | Desolati | Found the +0 mask of the Dragon {Will+ Slay+3 SInv}
 42079 | Desolati | Identified the +6 short sword of Responsibility {flame,
                  | +Blink rC+ SInv}
 42131 | Desolati | Got the Omnibus of the Grisly Queen Bee
 42134 | Desolati | Identified the staff of Execution {rN+ Necro Tloc}
 42226 | Desolati | Identified the ring of Dabup {rF+ Str+4}
 42242 | Desolati | Identified the +9 chain mail "Bayn" {-Tele rPois rCorr
                  | Dex+7}
 42547 | Elf:1    | Reached XP level 24. HP: 138/203 MP: 23/23
 42574 | Elf:1    | Reached skill level 20 in Fighting
 43487 | Elf:2    | Found a radiant altar of Vehumet.
 43618 | Elf:2    | Found Met Jegitui's Magic Scroll Boutique.
 43623 | Elf:2    | Found Ahiaz's Antique Weapon Emporium.
 43644 | Elf:2    | Bought a scroll of enchant weapon for 142 gold pieces
 43644 | Elf:2    | Bought a scroll of revelation for 142 gold pieces
 43663 | Elf:2    | Found Ohulauc's General Store.
 43732 | Elf:2    | Bought a potion of heal wounds for 70 gold pieces
 43732 | Elf:2    | Bought a potion of invisibility for 112 gold pieces
 43757 | Elf:2    | Found Ticudeh's Assorted Antiques.
 43766 | Elf:2    | Bought a transparent granite ring for 160 gold pieces
 43766 | Elf:2    | Identified the ring of Kycoclor {Fly rC++} (You bought it
                  | in a shop on level 2 of the Elven Halls)
 43865 | Elf:2    | Found a runed translucent gate.
 43866 | Elf:2    | Found a runed translucent gate.
 43866 | Elf:2    | Found a runed translucent gate.
 43910 | Elf:3    | Entered Level 3 of the Elven Halls
 43986 | Elf:3    | Found a flickering gateway to a bazaar.
 44008 | Bazaar   | Entered a bazaar
 44029 | Bazaar   | Found Gashri's Book Emporium.
 44045 | Bazaar   | Found Qaics's Antique Weapon Emporium.
 44061 | Bazaar   | Found Enibiz's General Store.
 44076 | Bazaar   | Found Vausmeha's Book Emporium.
 44548 | Elf:3    | Noticed Norris
 44568 | Elf:3    | Killed Norris
 45262 | Elf:3    | Identified the +9 quick blade of Gonolonkepru {holy, rPois
                  | rF- rC++ rCorr}
 45262 | Elf:3    | Identified the +1 leather armour "Hyhut" {Will+ Str+2}
 45263 | Elf:3    | Identified the +10 flail of Ukhloweikh {freeze, rElec MP-9
                  | Str+3}
 45405 | Elf:3    | Identified the +2 robe "Bogumm" {Int+2 SInv}
 45405 | Elf:3    | Identified the amulet of the Mackerel {Reflect Fly Dex+3
                  | SH+5}
 45468 | Elf:3    | Reached skill level 15 in Stealth
 45535 | Elf:3    | Identified the +1 dagger "Mugriyste" {freeze, MP+9}
 45544 | Elf:3    | Identified the +6 hand axe of Hottaka {protect, Str+5
                  | Stlth+}
 45554 | Elf:3    | Got the Atlas of Might
 45561 | Elf:3    | Identified the staff "Reni" {rN+ Int-5 Air Earth}
 45638 | Elf:3    | Identified the staff of the Bouncing Dances {^Fragile rElec
                  | Str+4 Int+3 Air}
 45652 | Elf:3    | Identified the staff "Zaofruak" {rPois Dex+3 Fire Alchemy}
 45923 | Depths:1 | Entered Level 1 of the Depths
 45932 | Depths:1 | Found a gateway to Hell.
 46099 | Depths:1 | Found a runed translucent gate.
 46099 | Depths:1 | Found a runed translucent gate.
 46099 | Depths:1 | Found a runed translucent gate.
 46118 | Depths:1 | Noticed a golden dragon
 46123 | Depths:1 | Killed a golden dragon
 46180 | Depths:1 | Found a one-way gateway to a ziggurat.
 46281 | Depths:1 | Reached skill level 21 in Fighting
 46411 | Depths:1 | Reached skill level 15 in Armour
 46613 | Depths:1 | Found a transporter.
 46615 | Depths:1 | Noticed WeeknightWizard's ghost (veteran DEFE)
 46897 | Depths:1 | Identified the +10 great mace of the Badger {heavy, *Noise
                  | Int+8 Stlth-}
 46898 | Depths:1 | Identified the +3 great mace of Hutuqoak {freeze, rElec
                  | Str+2}
 46902 | Depths:1 | Found a transporter.
 47164 | Depths:2 | Reached XP level 25. HP: 69/207 MP: 23/23
 47178 | Depths:2 | Noticed Sojobo
 47366 | Depths:2 | Acquired the amulet of Grace {Reflect rC++ Int-5 Dex+3
                  | Slay+5 SH+5}
 47712 | Depths:2 | Killed Sojobo
 48212 | Depths:2 | Identified the +8 quarterstaff "Gellymobb" {drain, +Blink}
 48506 | Depths:2 | Found Edoepyac's Antique Weapon Shoppe.
 48534 | Depths:2 | Noticed a juggernaut
 48540 | Depths:2 | Killed a juggernaut
 48574 | Depths:2 | Identified the +5 rapier "Avyaney" {venom, *Rage rN++
                  | rCorr}
 48662 | Depths:3 | Found Gozag's Antique Armour Shop.
 48675 | Depths:3 | Found an opulent altar of Gozag.
 48691 | Depths:3 | Found Gozag's Assorted Antiques.
 48715 | Depths:3 | Found Gozag's Antique Armour Boutique.
 48726 | Depths:3 | Reached skill level 22 in Fighting
 48943 | Depths:3 | Identified the +8 falchion of Kismet {freeze, +Blink Str+3}
 49915 | Depths:4 | Entered Level 4 of the Depths
 50044 | Depths:4 | Found a transporter.
 50170 | Depths:4 | Found a gate to the Realm of Zot.
 50223 | Depths:4 | Found Iddeig's Distillery.
 50223 | Depths:4 | Noticed a juggernaut
 50232 | Depths:4 | Killed a juggernaut
 50346 | Depths:4 | Bought a potion of curing for 39 gold pieces
 50346 | Depths:4 | Bought a potion of heal wounds for 65 gold pieces
 50346 | Depths:4 | Bought a potion of heal wounds for 65 gold pieces
 50346 | Depths:4 | Bought a potion of mutation for 104 gold pieces
 50346 | Depths:4 | Bought a potion of might for 52 gold pieces
 50346 | Depths:4 | Bought a potion of invisibility for 104 gold pieces
 50381 | Depths:4 | Reached XP level 26. HP: 226/226 MP: 23/23
 50663 | Depths:4 | Identified the ring of Riadd {rF+ Stlth+}
 50694 | Depths:4 | Reached skill level 23 in Fighting
 50820 | Depths:4 | Found the ring of the Octopus King
 50858 | Depths:4 | Identified a ring of the Octopus King {HP+2 AC+2 EV+2 SH+2
                  | SInv}
 51118 | Depths:4 | Found a transporter.
 51167 | Depths:4 | Found Piomiy's General Store.
 51212 | Depths:4 | Identified the ring of Fanaticism {Will+ Str-3 Int+7 Dex-4
                  | SInv}
 51314 | Depths:4 | Voluntarily entered the Abyss.
 51332 | Abyss:1  | Found a corrupted altar of Lugonu.
 51388 | Abyss:2  | Found a corrupted altar of Lugonu.
 51834 | Abyss:3  | Found a corrupted altar of Lugonu.
 51882 | Abyss:4  | Noticed a dread lich
 51888 | Abyss:4  | Killed a dread lich
 52008 | Depths:4 | Escaped the Abyss
 52543 | Vaults:5 | Entered Level 5 of the Vaults
 53217 | Vaults:5 | Reached skill level 24 in Fighting
 53229 | Vaults:5 | Reached XP level 27. HP: 132/218 MP: 23/23
 53243 | Vaults:5 | Got a silver rune of Zot
 54020 | Vaults:5 | Identified the +0 plate armour "Quucsutz" {Rampage rN+++
                  | Int-4 Dex+3}
 54062 | Vaults:5 | Identified the staff "Kycan" {rC+ Earth}
 54139 | Vaults:5 | Killed a dread lich
 54496 | Vaults:5 | Noticed a dread lich
 55256 | Zot:1    | Entered Level 1 of the Realm of Zot
 56452 | Zot:2    | Reached skill level 15 in Dodging
 56693 | Zot:2    | Identified the +3 scale mail of Morality {rN+ MP+9}
 56984 | Zot:2    | Reached skill level 25 in Fighting
 58004 | Zot:3    | Noticed Skimidon's ghost (master MiAr)
 58006 | Zot:3    | Noticed an ancient lich
 58010 | Zot:3    | Found a transporter.
 58015 | Zot:3    | Noticed Beclu's ghost (legendary GnSk)
 58181 | Zot:3    | Noticed a Killer Klown
 58191 | Zot:3    | Killed a Killer Klown
 58216 | Zot:3    | Noticed Hicanoach's ghost (master DsGl)
 58307 | Zot:3    | Found a transporter.
 58675 | Zot:3    | Found a shimmering altar of Xom.
 58675 | Zot:3    | Found a shimmering altar of Xom.
 58681 | Zot:3    | Found a shimmering altar of Xom.
 58681 | Zot:3    | Found a shimmering altar of Xom.
 58681 | Zot:3    | Found a shimmering altar of Xom.
 58683 | Zot:3    | Found a glowing silver altar of Zin.
 58689 | Zot:3    | Found a shimmering altar of Xom.
 58721 | Zot:3    | Found a shimmering altar of Xom.
 58813 | Zot:3    | Noticed a Killer Klown
 59138 | Zot:4    | Identified the +0 leather armour "Jonethria" {rPois rCorr
                  | Str-2 Dex+2}
 59721 | Zot:4    | Reached skill level 26 in Fighting
 59959 | Zot:5    | Entered Level 5 of the Realm of Zot
 60387 | Zot:5    | Noticed a dread lich
 60691 | Zot:5    | Killed a dread lich
 60698 | Zot:5    | Noticed an orb of fire
 60700 | Zot:5    | Noticed a Killer Klown
 60701 | Zot:5    | Noticed a Killer Klown
 60703 | Zot:5    | Noticed an orb of fire
 60703 | Zot:5    | Noticed a Killer Klown
 60703 | Zot:5    | Noticed a dread lich
 60707 | Zot:5    | Noticed a Killer Klown
 60713 | Zot:5    | Killed a Killer Klown
 60713 | Zot:5    | Killed a Killer Klown
 60713 | Zot:5    | Killed a dread lich
 60716 | Zot:5    | Noticed a Killer Klown
 60717 | Zot:5    | Killed a Killer Klown
 60718 | Zot:5    | Noticed a dread lich
 60728 | Zot:5    | Killed a dread lich
 60732 | Zot:5    | Killed a Killer Klown
 60732 | Zot:5    | Killed an orb of fire
 60995 | Zot:5    | Noticed a Killer Klown
 61000 | Zot:5    | Noticed an orb of fire
 61000 | Zot:5    | Noticed a Killer Klown
 61008 | Zot:5    | Killed an orb of fire
 61009 | Zot:5    | Noticed a Killer Klown
 61010 | Zot:5    | Noticed an orb of fire
 61013 | Zot:5    | Killed a Killer Klown
 61017 | Zot:5    | Got the Orb of Zot
 61019 | Zot:5    | Killed a Killer Klown
 61021 | Zot:5    | Killed a dread lich
 61021 | Zot:5    | Killed a Killer Klown
 61049 | Zot:5    | Killed a Killer Klown
 61117 | Zot:3    | Killed a Killer Klown
 61195 | Depths:3 | Noticed Coinliri the pandemonium lord
 61297 | D:15     | Noticed Icugapp the pandemonium lord
 61320 | D:15     | Killed Icugapp the pandemonium lord
 61321 | D:15     | Reached skill level 27 in Fighting
 61740 | D:1      | Noticed Counli Otwug the pandemonium lord
 61743 | D:$      | Escaped with the Orb!

Illustrated notes

Levels and vault maps discovered:
D:1:      minmay_arrival_doors, layout_rooms, minmay_unequal
D:2:      layout_loops_cross, serial_shops, nicolae_shop_rolled_up,
          kennysheep_cluttered_room, minmay_cupped, uniq_natasha
D:3:      layout_loops_corners, kennysheep_vampire_church, fedhas_altar_3
D:4:      layout_cave_pods, minmay_temple_entry_tees, kennysheep_crisscross,
          minmay_fountain_box
D:5:      layout_loops_ring, mainiacjoe_overflow_chevrons,
          biasface_ghost_orc_armoury, amethyst_killhole, nicolae_shop_vocational
D:6:      layout_loops_corners, mainiacjoe_overflow_swirl
D:7:      layout_basic
D:8:      layout_layer_cave, erik_lair_island, kennysheep_generic_room_2,
          uniq_joseph, uniq_jeremiah
D:9:      nicolae_cairo_tiling_large, layout_loops_ring, hellmonk_ghost_big_iron
D:10:     layout_stronghold, uniq_josephine
D:11:     layout_basic
D:12:     layout_cross, david_orc_5, hangedman_decor_opposing
D:13:     layout_basic, david_vaults_2, serial_glass, glass_columns_a,
          glass_columns_c
D:14:     layout_roguey, nemelex_lonely_heart_becter, disabler_island
D:15:     hellmonk_depths_entry_around_the_bend, layout_irregular_city,
          minmay_misc_feat_chi
Temple:   hellmonk_temple_divided_pantheon
Lair:1:   layout_regular_city, gauntlet_entry_generic, uniq_sonja
Lair:2:   layout_chaotic_city
Lair:3:   layout_roguey, minmay_swamp_entry_reptiles,
          hellmonk_spider_entry_not_the_bees, dreamdust_mushroom_princess,
          kennysheep_abandoned_house, uniq_snorg, uniq_gastronok
Lair:4:   wander_river, layout_regular_city, nicolae_slime_entry_field_trip
Lair:5:   hangedman_lair_caniforms_friends, layout_regular_city,
          guppyfry_lair_end_dragon, lemuel_fruit_fields
Swamp:1:  layout_falls_marsh, hangedman_swamp_ruin_wall,
          nicolae_swamp_snake_nest
Swamp:2:  layout_basic_swamp, nicolae_swamp_stair_fork
Swamp:3:  nicolae_swamp_flooded_prison, layout_basic_swamp,
          evilmike_swamp_ruin_house_1, swamp_pool_1_2,
          nicolae_swamp_necromancer_hut, uniq_nikola
Swamp:4:  swamp_alternative, layout_basic_swamp, gammafunk_ghost_abyssal_escape,
          uniq_donald
Spider:1: layout_chambers, uniq_frances
Spider:2: layout_spider_delve
Spider:3: layout_spider_delve
Spider:4: hellmonk_spider_rune_endless_swarm, nicolae_spider_undead_wolf_pack
Orc:1:    layout_caves
Orc:2:    pf_orc_diabolical, layout_diamond_mine, uniq_rupert
Elf:1:    minmay_elf_arrival_plus, layout_onion_city,
          portal_desolation_entry_nicolae_slug, nicolae_elf_blasts_and_bolts,
          serial_library_regret_index_double_sided
Elf:2:    nicolae_elf_blades_crystal_corner, layout_geoelf_octagon,
          serial_shops, shop, nicolae_shop_tiny_statue_garden, shop, shop,
          basic_altar
Elf:3:    minmay_elf_hall_dome, layout_loops_corners, serial_shops,
          bzr_entry_gold, uniq_norris
Vaults:1: nicolae_vaults_museum, hangedman_vaults_stretched_pinwheel,
          vaults_room_semicircle, nicolae_vaults_triangles, v_misc_3,
          nicolae_vaults_trapezoid_2, nicolae_vaults_hallways_thing,
          nicolae_vaults_tetromino_Z_1, nicolae_vaults_little_squares_3,
          v_alt_pattern_1, hangedman_vaults_stretched_pinwheel,
          ontoclasm_vaults_spin, ontoclasm_vaults_decontamination,
          layout_vaults_omnibox, serial_shops, shop
Vaults:2: nicolae_vaults_big_ls, nicolae_vaults_doubleplus_tesselated,
          hangedman_vaults_maws, nicolae_vaults_security_offices_4,
          vaults_dpeg_spiral, nicolae_vaults_door_testing_chamber,
          grunt_vaults_hallway_short, vaults_room_door_hall,
          hangedman_vaults_capsules, nicolae_vaults_little_squares_3,
          nicolae_vaults_tetromino_T_1, nicolae_vaults_prndl,
          layout_vaults_ring, serial_shops, shop,
          nicolae_trove_entry_free_sample
Vaults:3: lightli_enter_wizlab_magi_temple,
          nicolae_vaults_windows_and_doors_thing,
          nicolae_vaults_little_squares_4, nicolae_vaults_ellipses_ellipsis,
          grunt_vaults_funnel, nicolae_vaults_surprise_closet,
          minmay_crypt_entry_simple_walls, v_pattern_3,
          vaults_mumra_minichess_inversion, nicolae_vaults_circle_grid_a,
          nicolae_vaults_double_plus_1, layout_vaults_omnicross, serial_shops,
          nicolae_shop_tiny_glass, uniq_asterion, uniq_bai_suzhen
Vaults:4: nicolae_vaults_mitosis, ontoclasm_vaults_ligature, v_misc_11,
          nicolae_vaults_wrenched, nicolae_vaults_wine_cellar,
          nicolae_vaults_offset_grid_hallway_2, ontoclasm_vaults_eye,
          nicolae_vaults_alarming, nicolae_vaults_prndl,
          dpeg_vaults_hating_casters, v_misc_25, layout_vaults_maze_snakey
Vaults:5: serial_shops
Depths:1: layout_long_grid, enter_ziggurat_c, minmay_misc_feat_cross,
          hangedman_coc_ice_floe, gammafunk_ghost_smash,
          serial_library_hellmonk_u_bend, pandoras_box_mu
Depths:2: minmay_the_grid_triangle_9x9_rhombus_thin_mashed
          [minmay_the_grid_triangle_9x9_limited_checkers,
          minmay_the_grid_triangle_9x9_prize_top_heavy,
          minmay_the_grid_triangle_9x9_wacky_v,
          minmay_the_grid_triangle_9x9_stretched_checkered], layout_gridlike,
          pf_hell_entry_tar_river, hangedman_abyss_entry_splay, serial_shops,
          shop, grunt_pan_entry_in_and_out, serial_bayou_shore_b, uniq_sojobo
Depths:3: kennysheep_gozag_temple, layout_basic, pan_entry, abyss_entry_crystal,
          hell_entry, minmay_staircase_bubble, uniq_josephina
Depths:4: hangedman_spin_cycle, hell_entry, abyss_entry
Zot:1:    layout_misc_corridors, st_small_dragon_hoard_4, lemuel_flame_loot_1
Zot:2:    kennysheep_bubbly, layout_basic, amethyst_zot_foddershock
Zot:3:    dreamdust_zin_vs_xom, layout_cellular_growth, nzn_ghost_randoct
Zot:4:    nicolae_zot_stationary_front, layout_twisted_circle,
          regret_index_zotdec_glowing_original, st_stairs_7
Zot:5:    layout_concentric_octagons, hangedman_zot_decor_slant

Skill      XL: |  1  2  3  4  5  6  7  8  9 10 11 12 13 14 15 16 17 18 19 20 21 22 23 24 25 26 27 |
---------------+----------------------------------------------------------------------------------+-----
Axes           | 3 4 6 7 8 10 12 13 15 16 18 19 20 21 22 24 | 24.0
Evocations     | 3 5 |  5.3
Fighting       | 6 10 12 13 15 16 18 19 21 22 24 27 | 27.0
Dodging        | 5 6 7 8 9 10 11 12 13 14 16 | 16.5
Armour         | 7 8 9 10 11 12 13 14 15 16 17 19 | 19.7
Stealth        | 5 8 9 10 12 14 15 16 18 21 | 21.4
Shields        | 10 19 20 21 22 23 | 23.3

Action                     |  1- 3 |  4- 6 |  7- 9 | 10-12 | 13-15 | 16-18 | 19-21 | 22-24 | 25-27 || total
---------------------------+-------+-------+-------+-------+-------+-------+-------+-------+-------++-------
  Melee: War axe           |    71 |   158 |   288 |       |       |       |       |       |       ||   517
         Executioner's axe |       |       |    23 |   331 |   809 |   884 |  1037 |   855 |  1349 ||  5288
         Dire flail        |       |       |       |       |    11 |       |       |       |       ||    11
         Battleaxe         |       |       |       |       |       |       |    52 |       |       ||    52
  Throw: Dart              |       |     1 |     7 |       |       |       |       |       |       ||     8
 Invoke: Call Merchant     |       |       |       |     1 |     1 |     3 |     2 |     1 |       ||     8
         Potion Petition   |       |       |       |       |     1 |       |       |       |       ||     1
         Bribe Branch      |       |       |       |       |       |       |       |       |     3 ||     3
  Evoke: Wand              |       |       |    10 |    10 |     4 |       |       |     2 |       ||    26
    Use: Scroll            |     2 |     5 |    14 |     7 |     8 |     7 |     6 |     7 |    13 ||    69
         Potion            |       |       |     1 |     2 |     3 |     1 |       |     3 |    18 ||    28
   Stab: Distracted        |       |       |     4 |     5 |     5 |     8 |    10 |    13 |    26 ||    71
         Paralysed         |       |       |     1 |     3 |       |       |       |       |     1 ||     5
         Invisible         |       |       |       |     2 |     2 |     3 |       |       |     1 ||     8
         Held in net/web   |       |       |       |       |       |     1 |       |       |       ||     1
         Sleeping          |       |       |       |       |       |       |       |     2 |    17 ||    19
 Armour: Scale mail        |    41 |       |       |       |       |       |       |       |       ||    41
         Chain mail        |    11 |   141 |   210 |   256 |   506 |   111 |       |       |       ||  1235
         Skin              |       |       |       |    21 |       |       |       |       |       ||    21
         Plate armour      |       |       |       |       |       |   254 |   326 |   216 |   353 ||  1149
  Dodge: Dodged            |    35 |    74 |   104 |   267 |   626 |   858 |   477 |   269 |   428 ||  3138
  Block: Buckler           |    17 |    36 |    60 |   110 |   194 |    65 |       |       |       ||   482
         Kite shield       |       |       |       |       |       |   669 |   156 |       |       ||   825
         Tower shield      |       |       |       |       |       |       |   889 |   717 |  1414 ||  3020
         Reflection        |       |       |       |       |       |       |       |       |    30 ||    30
